 Dungeon Crawl Stone Soup version 0.29-a0-234-g0dae59b3db (webtiles) character file.

Game seed: 27272288773442559

16 HotDog the Skirmisher (level 2, -1/24 HPs)
             Began as a Merfolk Fighter on Mar 2, 2022.
             Slain by a ball python (3 damage)
             ... on level 2 of the Dungeon.
             The game lasted 00:01:23 (764 turns).

HotDog the Skirmisher (Merfolk Fighter)              Turns: 764, Time: 00:01:24

Health: -1/24      AC:  6    Str: 16    XL:     2   Next: 58%
Magic:  2/2        EV:  6    Int:  7    God:
Gold:   60         SH:  4    Dex: 13    Spells: 1/1 levels left

rFire   . . .      SeeInvis .   a - +0 trident
rCold   . . .      Faith    .   c - +0 buckler
rNeg    . . .      Spirit   .   b - +0 scale mail
rPois   .          Reflect  .   (no helmet)
rElec   .          Harm     .   (no cloak)
rCorr   .          Rampage  .   (no gloves)
Will    .....                   (no boots)
Stlth   ..........              (no amulet)
HPRegen 0.08/turn               (no ring)
MPRegen 0.08/turn               (no ring)

@: constricted
A: (nimble swimmer 2), mertail
a: no special abilities


You were on level 2 of the Dungeon.
You visited 1 branch of the dungeon, and saw 2 of its levels.

You collected 60 gold pieces.

Inventory:

Hand Weapons
 a - a +0 trident (weapon)
Armour
 b - a +0 scale mail (worn)
 c - a +0 buckler (worn)
Scrolls
 f - a scroll of amnesia {unknown}
Potions
 d - a potion of might
 e - a potion of cancellation {unknown}
 g - a potion of brilliance {unknown}


   Skills:
 * Level 3.6 Fighting
 * Level 2.8 Polearms
 + Level 2.3 Armour
 * Level 1.4 Dodging
 + Level 3.0 Shields


You had one spell level left.
You didn't know any spells.
Your spell library contained the following spells:

 Spells                   Type           Power      Damage    Failure   Level
 Slow                     Hex            0%         N/A       92%         1
 Confusing Touch          Hex            0%         N/A       100%        3
 Vampiric Draining        Necr           0%         2d6       100%        3


Dungeon Overview and Level Annotations

Branches:
Dungeon (2/15)

Altars:
Cheibriados


Innate Abilities, Weirdness & Mutations

((You are very nimble when in or above water. (Stealth+, EV+, Speed+++)))
Your lower body shifts to a powerful aquatic tail in water.


Message History

The jackal is severely wounded.
You block the jackal's attack.
The jackal bites you but does no damage.
You barely miss the jackal.
The jackal is severely wounded.
The jackal misses you.
The jackal bites you but does no damage.
The jackal bites you but does no damage.
The jackal bites you.
* * * LOW HITPOINT WARNING * * *
The jackal barely misses you.
You see here a jackal corpse.
The jackal bites you.
* * * LOW HITPOINT WARNING * * *
There is an escape hatch in the floor here.
The jackal misses you.
You slide downwards.
The hatch slams shut behind you.
The ball python hisses angrily.
Found a potion of might.
Found a snail-covered altar of Cheibriados.
You closely miss the jackal.
The jackal is heavily wounded.
The jackal barely misses you. You block the jackal's attack.
You hit the jackal but do no damage.
The jackal is heavily wounded.
The jackal closely misses you. x2
You puncture the jackal!
You kill the jackal!
Reach: a) +0 trident
Press: ? - help, Dir - move target, f - ball python
Aim: a ball python (about 47% to evade your +0 trident)
You reach to attack!
You barely miss the ball python.
Reach: a) +0 trident
Press: ? - help, Dir - move target, f/p - ball python
Aim: a ball python (about 47% to evade your +0 trident)
You closely miss the ball python. The ball python bites you.
* * * LOW HITPOINT WARNING * * *
The ball python grabs you. The ball python constricts you.
The ball python bites you.
You die...

## .### ##.
.# .....# #
#.#..#..#
#....!...
#@S......
#........#...
#.###.##.....
#.. .... ...
... ..._ ..
.... . ......


You could see a ball python.

Vanquished Creatures
  3 endoplasms (D:1)
  A giant cockroach (D:1)
  2 goblins (D:1)
  A hobgoblin (D:1)
  4 jackals
  A bat (D:1)
  A kobold (D:1)
13 creatures vanquished.

Notes
Turn   | Place    | Note
-------+----------+-------------------------------------------
     0 | D:1      | HotDog the Merfolk Fighter began the quest for the Orb.
     0 | D:1      | Reached XP level 1. HP: 18/18 MP: 1/1
   198 | D:1      | Reached skill level 1 in Dodging
   545 | D:1      | Reached XP level 2. HP: 24/24 MP: 2/2
   759 | D:2      | Found a snail-covered altar of Cheibriados.
   764 | D:2      | Slain by a ball python

Illustrated notes

Levels and vault maps discovered:
D:1:      matt_arrival_grand_opening, layout_basic
D:2:      layout_basic, basic_altar, kennysheep_generic_room_11

Skill      XL: |  1 |
---------------+----+-----
Dodging        | 1 |  1.4
Fighting       | |  3.6
Polearms       | |  2.8
Armour         | |  2.3
Shields        | |  3.0

Action                   || total
-------------------------++-------
Melee: Trident           ||    62
Armor: Scale mail        ||    43
Dodge: Dodged            ||    36
Block: Buckler           ||    17

Table legend: (Time is in decaauts)
 A = Elapsed time spent in this place.
 B = Non-inter-level travel time spent in this place.
 C = Inter-level travel time spent in this place.
 D = Time resting spent in this place.
 E = Time spent auto-exploring this place.
 F = Levels seen in this place.
 G = Mean time per level.
                   A        B        C        D        E       F      G
               +--------+--------+--------+--------+--------+-----+--------+
         Total |    776 |    776 |      0 |    329 |    305 |   2 |  388.0 |
       Dungeon |    776 |    776 |      0 |    329 |    305 |   2 |  388.0 |
               +--------+--------+--------+--------+--------+-----+--------+

Top non-repeatable levels by time:
     D:1: 770 daAuts
     D:2: 5 daAuts
